 Dungeon Crawl Stone Soup version 0.18.1-50-g88ac8fd (webtiles) character file.

154 aeluma the Conjurer (level 5, -5/28 HPs)
             Began as a Deep Elf Conjurer on Oct 11, 2016.
             Was an Initiate of Vehumet.
             Slain by olma's ghost (9 damage)
             ... on level 3 of the Dungeon.
             The game lasted 00:08:10 (2713 turns).

aeluma the Conjurer (Deep Elf Conjurer)             Turns: 2713, Time: 00:08:11

Health: -5/28      AC:  4    Str:  5    XL:     5   Next: 13%
Magic:  14/14      EV: 13    Int: 21    God:    Vehumet [......]
Gold:   148        SH:  0    Dex: 15    Spells: 3 memorised, 6 levels left

rFire  . . .     SeeInvis .     m - +1 short sword
rCold  . . .     Gourm    .     a - +0 robe
rNeg   . . .     Faith    .     (no shield)
rPois  .         Spirit   .     (no helmet)
rElec  .         Dismiss  .     (no cloak)
rCorr  .         Reflect  .     (no gloves)
SustAt .         Harm     .     e - +1 pair of boots
MR     .....                    (no amulet)
Stlth  ++........               (no ring)
                                (no ring)

@: about to teleport, not resistant to hostile enchantments, unstealthy
A: no striking features
a: Renounce Religion


You were on level 3 of the Dungeon.
You worshipped Vehumet.
Vehumet was noncommittal.
You were not hungry.

You visited 1 branch of the dungeon, and saw 3 of its levels.

You collected 148 gold pieces.

Inventory:

Hand Weapons
 m - a +1 short sword (weapon)
Armour
 a - a +0 robe (worn)
 e - a +1 pair of boots (worn)
Jewellery
 g - a +5 ring of evasion {unknown}
Wands
 s - a wand of teleportation (2/9)
Scrolls
 l - 2 scrolls of enchant armour
 t - a scroll of recharging {unknown}
Potions
 f - 2 potions of heal wounds {unknown}
 h - a potion of curing {unknown}
 i - a potion of degeneration {unknown}
 k - a potion of magic {unknown}
 n - 2 potions of mutation {unknown}
 o - 2 potions of ambrosia
 r - a potion of lignification {unknown}
Books
 b - a book of Conjurations

   Spells                             Type                      Level
   a - Magic Dart                     Conjuration                  1
   b - Searing Ray                    Conjuration                  2
   c - Dazzling Spray                 Conjuration/Hexes            3
   d - Fulminant Prism                Conjuration/Hexes            4
   e - Iskenderun's Mystic Blast      Conjuration                  4
   f - Iskenderun's Battlesphere      Conjuration/Charms           5
Comestibles
 c - 4 bread rations
 d - 2 fruits
 j - a royal jelly
 q - a beef jerky


   Skills:
 - Level 2.4 Dodging
 - Level 2.4 Stealth
 + Level 5.4 Spellcasting
 + Level 5.9 Conjurations


You had 6 spell levels left.
You knew the following spells:

 Your Spells              Type           Power        Failure   Level  Hunger
a - Magic Dart            Conj           ####         1%          1    None
b - Dazzling Spray        Conj/Hex       ###...       12%         3    ##.....
c - Iskenderun's Mystic   Conj           ####....     12%         4    ####...


Dungeon Overview and Level Annotations

Branches:
Dungeon (3/15)

Altars:
Vehumet

Annotations:
D:3 olma's ghost, amateur TrBe


Message History

Found a stone staircase leading down.
There is a stone staircase leading down here.
Olma's ghost turns its malevolent gaze towards you.
A ball python comes into view.
There is a stone staircase leading down here.
You hit the worm but do no damage. The worm bites you.
You hit the worm but do no damage. You hit the worm.
The worm is lightly wounded.
Olma's ghost closely misses you. The worm bites you but does no damage.
You hit the worm.
The worm is moderately wounded.
Olma's ghost hits you! Olma's ghost hits you.
Read which item? (? for menu, Esc to quit)
As you read the scroll of teleportation, it crumbles to dust.
You feel strangely unstable. The worm bites you. Olma's ghost hits you.
The worm bites you.
* * * LOW HITPOINT WARNING * * *
Olma's ghost hits you!
You die...

##[#
#)......#####.#
##...######.......#
#.#
...W#.#...........#
##.#
##...#...###...#.##
#..#
S...............#
#.##
##.##...###...#.#
#.# #.###.##
##.##.# #.# #..##.#
#W##.#####.##
#..##.#
#.@w........#
#.....#
####.#####..#
##.#### #.# #..#
#.# #w# #..#####
#.# #W# #......#
#.# #.# #.####.#
#.# #.# #.# #.# ###
#.# #.# #.# #.# ..#
#.######... ... ...
#.#


You could see a worm and olma's ghost.

Vanquished Creatures
  Jessica (D:2)
  Robin (D:2)
  5 adders (D:2)
  2 worms
  2 dart slugs
  4 orcs (D:3)
  2 giant cockroaches
  11 goblins
  6 hobgoblins
  4 jackals (D:2)
  A quokka (D:2)
  5 bats
  3 giant newts
  4 kobolds
  8 rats
59 creatures vanquished.

Notes
Turn   | Place    | Note
--------------------------------------------------------------
     0 | D:1      | aeluma the Deep Elf Conjurer began the quest for the Orb.
     0 | D:1      | Reached XP level 1. HP: 10/10 MP: 6/6
   174 | D:1      | Reached XP level 2. HP: 15/15 MP: 4/8
   901 | D:2      | Reached XP level 3. HP: 19/19 MP: 8/10
   907 | D:2      | Reached skill level 5 in Conjurations
  1063 | D:2      | Noticed Jessica
  1067 | D:2      | Killed Jessica
  1157 | D:2      | Reached XP level 4. HP: 20/24 MP: 8/12
  1370 | D:2      | Reached skill level 5 in Spellcasting
  1760 | D:2      | Learned a level 3 spell: Dazzling Spray
  1765 | D:2      | Learned a level 4 spell: Iskenderun's Mystic Blast
  1770 | D:2      | Noticed Robin
  1780 | D:2      | Killed Robin
  2164 | D:2      | Reached XP level 5. HP: 28/28 MP: 11/14
  2310 | D:3      | Found a radiant altar of Vehumet.
  2316 | D:3      | Became a worshipper of Vehumet
  2600 | D:3      | Noticed olma's ghost (amateur TrBe)
  2713 | D:3      | Slain by olma's ghost

Skill      XL: |  1  2  3  4 |
---------------+-------------+-----
Spellcasting   | 4 5 |  5.4
Conjurations   | 5 |  5.9
Dodging        | |  2.4
Stealth        | |  2.4

Action                   |  1- 3 |  4- 6 || total
-------------------------+-------+-------++-------
Melee: Short sword       |     1 |    17 ||    18
 Cast: Magic Dart        |    39 |    78 ||   117
       Dazzling Spray    |       |     4 ||     4
  Use: Scroll            |     5 |     3 ||     8
 Stab: Invisible         |       |     1 ||     1
  Eat: Chunk             |     1 |     4 ||     5
Armor: Robe              |       |     6 ||     6
Dodge: Dodged            |       |    13 ||    13
